 Dungeon Crawl Stone Soup version 0.28-a0-556-gab23d0e057 (webtiles) character file.

Game seed: 17964178751986168421

445 CowFu the Poker (level 6, 0/47 HPs)
             Began as a Demonspawn Abyssal Knight on Sept 28, 2021.
             Was a Believer of Lugonu.
             Slain by an ogre (14 damage)
             ... on level 4 of the Dungeon.
             The game lasted 00:05:38 (4800 turns).

CowFu the Poker (Demonspawn Abyssal Knight)         Turns: 4800, Time: 00:05:39

Health: 0/47       AC:  8    Str: 16    XL:     6   Next: 72%
Magic:  7/7        EV:  9    Int: 11    God:    Lugonu [**....]
Gold:   212        SH:  5    Dex: 13    Spells: 5/5 levels left

rFire   + . .      SeeInvis .   a - +1 spear
rCold   + . .      Faith    .   (no shield)
rNeg    + . .      Spirit   .   n - +2 scale mail {rN+}
rPois   .          Reflect  +   (no helmet)
rElec   .          Harm     .   b - scarf {rC+ rF+}
rCorr   .          Rampage  .   (no gloves)
Will    .....                   (no boots)
Stlth   ..........              q - amulet of reflection
HPRegen 0.15/turn               e - ring of flight
MPRegen 0.10/turn               (no ring)

@: flying
A: spiny 1
a: Renounce Religion, Depart the Abyss, Bend Space


You were on level 4 of the Dungeon.
You worshipped Lugonu.
Lugonu was pleased with you.
You visited 1 branch of the dungeon, and saw 4 of its levels.
You visited the Abyss 1 time.

You collected 212 gold pieces.

Inventory:

Hand Weapons
 a - a +1 spear (weapon)
Armour
 b - a scarf of resistance (worn)
 n - a +2 scale mail of positive energy (worn)
Jewellery
 d - a ring of fire
 e - a ring of flight (left hand)
 i - an amulet of the acrobat
 q - an amulet of reflection (around neck)
Scrolls
 p - a scroll of vulnerability
Potions
 c - a potion of cancellation {unknown}
 f - a potion of flight {unknown}
 g - a potion of curing {unknown}
 h - a potion of ambrosia {unknown}
 j - 5 potions of heal wounds {unknown}
 l - a potion of resistance {unknown}
 o - a potion of might {unknown}


   Skills:
 + Level 3.4 Fighting
 - Level 6.1 Polearms
 + Level 2.3 Armour
 + Level 1.6 Dodging
 - Level 2.4 Invocations


You had 5 spell levels left.
You didn't know any spells.
Your spell library contained the following spells:

 Spells                   Type           Power      Damage    Failure   Level
 Animate Skeleton         Necr           0%         N/A       77%         1
 Apportation              Tloc           0%         N/A       77%         1
 Summon Small Mammal      Summ           0%         N/A       77%         1


Dungeon Overview and Level Annotations

Branches:
Dungeon (4/15)
 Temple: D:4-7

Altars:
Cheibriados
Fedhas
Sif Muna
Uskayaw
Zin

Shops:
D:4 :


Innate Abilities, Weirdness & Mutations

You are partially covered in sharp spines.


Message History

The quokka bites you but does no damage.
You hit the quokka.
The quokka is severely wounded.
You block the quokka's attack.
You hit the quokka.
You kill the quokka!
Lugonu accepts your kill.
No target in view!
You see here 15 arrows.
Key pressed, stopping explore.
No target in view!
Key pressed, stopping explore.
No target in view!
No target in view!
The ogre shouts!
An ogre is nearby!
An ogre is nearby!
An ogre is nearby!
You reach to attack!
You closely miss the ogre.
An ogre is nearby!
You barely miss the ogre. The ogre barely misses you.
You hit the ogre.
The ogre is lightly wounded.
You hit the ogre but do no damage.
The ogre is lightly wounded.
You block the ogre's attack.
You hit the ogre.
The ogre is moderately wounded.
The ogre hits you with a +0 giant spiked club!!
Ouch! That really hurt!
* * * LOW HITPOINT WARNING * * *
You are too injured to fight recklessly!
You are too injured to fight recklessly!
You hit the ogre.
The ogre is heavily wounded.
You barely miss the ogre.
The ogre is heavily wounded.
The ogre is struck by your spines.
The ogre hits you with a +0 giant spiked club!
You die...

#..#......## ##..###..#
#.....>.### #....#..#
##.......## ##......###
#.........########.......#
.....................###...
.....................###.#..
....................## #....
...................## #...##
###..)...@........# #.##.#
##......O.......###. .#
##...............####..
##...#................
#........#.##........
#...#....##..........
##...##...#.#...##.#..
##....###........##.#..
##.....###........##....


You could see an ogre.

Vanquished Creatures
  A black bear (D:4)
  A phantom (D:4)
  An orc priest (D:4)
  Terence (D:3)
  An orc wizard (D:4)
  A hound zombie (D:4)
  2 hound skeletons (D:4)
  A howler monkey skeleton (D:4)
  6 adders
  2 worms (D:3)
  A dart slug (D:2)
  14 orcs
  4 bats
  6 endoplasms
  2 giant cockroaches
  4 goblins
  5 hobgoblins
  3 jackals (D:3)
  5 kobolds
  6 quokkas
  4 ball pythons
  5 frilled lizards
  7 rats
83 creatures vanquished.

Vanquished Creatures (others)
  2 plants (D:3)
2 creatures vanquished.

Grand Total: 85 creatures vanquished

Notes
Turn   | Place    | Note
-------+----------+-------------------------------------------
     0 | Abyss:1  | CowFu the Demonspawn Abyssal Knight began the quest for the
                  | Orb.
     0 | Abyss:1  | Reached XP level 1. HP: 18/18 MP: 2/2
    31 | Abyss:1  | Found a corrupted altar of Lugonu.
    68 | Abyss:1  | Noticed a large abomination
    70 | D:1      | Escaped the Abyss
   130 | D:1      | Reached skill level 2 in Polearms
   203 | D:1      | Reached * piety under Lugonu
   271 | D:1      | Found a faded altar of an unknown god.
   289 | D:1      | Gained mutation: You are partially covered in sharp spines.
                  | [demonic ancestry]
   289 | D:1      | Reached XP level 2. HP: 24/24 MP: 3/3
   661 | D:2      | You are sucked into a shaft and drop 2 floors!
   762 | D:2      | Reached skill level 3 in Polearms
   777 | D:2      | Reached XP level 3. HP: 27/29 MP: 4/4
  1327 | D:3      | Noticed Terence
  1339 | D:3      | Killed Terence
  1340 | D:3      | Reached skill level 4 in Polearms
  1340 | D:3      | Reached XP level 4. HP: 22/35 MP: 5/5
  1563 | D:3      | Reached ** piety under Lugonu
  2646 | D:4      | Reached XP level 5. HP: 36/41 MP: 6/6
  2725 | D:4      | Reached skill level 5 in Polearms
  3723 | D:4      | Noticed a phantom
  3746 | D:4      | Killed a phantom
  3747 | D:4      | Reached skill level 6 in Polearms
  3747 | D:4      | Reached XP level 6. HP: 7/47 MP: 7/7
  4108 | D:4      | Found Budam's Book Shoppe.
  4154 | D:4      | Reached skill level 1 in Dodging
  4176 | D:4      | Found a snail-covered altar of Cheibriados.
  4183 | D:4      | Found a hide-covered altar of Uskayaw.
  4186 | D:4      | Found a blossoming altar of Fedhas.
  4505 | D:4      | Found a shimmering blue altar of Sif Muna.
  4800 | D:4      | Slain by an ogre

Illustrated notes

Levels and vault maps discovered:
D:1:      lightli_arrival_statuegarden, layout_basic,
          chequers_ecumenical_altar_twisty, minmay_misc_feat_square
D:2:      layout_basic
D:3:      layout_loops_corners, serial_bayou, serial_bayou_pond_b,
          serial_bayou_shore_b, serial_bayou_crossing, serial_bayou_shore_a,
          chequers_serial_rivers_micro_e, uniq_terence
D:4:      layout_layer_cave, minitemple, gammafunk_temple_overflow_pools,
          serial_shops, nicolae_shop_crystal, minmay_starry_boxes

Skill      XL: |  1  2  3  4  5  6 |
---------------+-------------------+-----
Polearms       | 2 3 4 6 |  6.1
Dodging        | 1 |  1.6
Armour         | 2 |  2.3
Fighting       | |  3.4
Invocations    | |  2.4

Action                   |  1- 3 |  4- 6 || total
-------------------------+-------+-------++-------
Melee: Spear             |    84 |   214 ||   298
Invok: Depart the Abyss  |     1 |       ||     1
       Bend Space        |       |     1 ||     1
  Use: Scroll            |       |     5 ||     5
Armor: Leather armour    |     9 |       ||     9
       Scale mail        |     7 |    58 ||    65
Dodge: Dodged            |    21 |    57 ||    78
Block: Other             |       |    10 ||    10
       Reflection        |       |     1 ||     1

Table legend: (Time is in decaauts)
 A = Elapsed time spent in this place.
 B = Non-inter-level travel time spent in this place.
 C = Inter-level travel time spent in this place.
 D = Time resting spent in this place.
 E = Time spent auto-exploring this place.
 F = Levels seen in this place.
 G = Mean time per level.
                   A        B        C        D        E       F      G
               +--------+--------+--------+--------+--------+-----+--------+
         Total |   4766 |   4614 |    152 |      5 |   3840 |   5 |  953.2 |
       Dungeon |   4696 |   4544 |    152 |      5 |   3840 |   4 | 1174.0 |
         Abyss |     69 |     69 |      0 |      0 |      0 |   1 |   69.0 |
               +--------+--------+--------+--------+--------+-----+--------+

Top non-repeatable levels by time:
     D:3: 1958 daAuts
     D:4: 1577 daAuts
     D:2: 667 daAuts
     D:1: 493 daAuts
 Abyss:1: 69 daAuts
